 Dungeon Crawl Stone Soup version 0.24-a0-243-g8f5f5cd (webtiles) character file.

Game seed: 7494636384691327430

343 Lanoc the Cudgeler (level 6, -4/49 HPs)
             Began as a Formicid Chaos Knight on Apr 9, 2019.
             Was a Plaything of Xom.
             Slain by a hippogriff (5 damage)
             ... on level 4 of the Dungeon.
             The game lasted 00:07:40 (2704 turns).

Lanoc the Cudgeler (Formicid Chaos Knight)          Turns: 2704, Time: 00:07:41

Health: -4/49      AC:  5    Str: 16      XL:     6   Next: 88%
Magic:  6/6        EV: 12    Int: 10 (12) God:    Xom [.*....]
Gold:   138        SH:  0    Dex: 10 (12) Spells: 2/5 levels left

rFire    . . .     SeeInvis +   a - +0 mace (chaos)
rCold    . . .     Gourm    .   (no shield)
rNeg     . . .     Faith    .   b - +2 leather armour
rPois    .         Spirit   .   (helmet unavailable)
rElec    .         Reflect  .   (no cloak)
rCorr    .         Harm     .   (no gloves)
MR       .....                  (no boots)
Stlth    +.........             (no amulet)
HPRegen  0.16/turn              i - ring of wizardry
MPRegen  0.10/turn              (no ring)

@: no status effects
A: permanent stasis, dig shafts and tunnels, four strong arms, antennae 3
a: Dig, Shaft Self, Renounce Religion


You were on level 4 of the Dungeon.
You worshipped Xom.
You were a plaything of Xom.
You were hungry.

You visited 1 branch of the dungeon, and saw 4 of its levels.

You collected 138 gold pieces.

Inventory:

Hand Weapons
 a - a +0 mace of chaos (weapon)
 e - the +3 hand axe "Sed Van" {freeze, *Noise MP+9 Dex+6}
   (You found it on level 4 of the Dungeon)

   It has been specially enchanted to freeze those struck by it, causing extra
   injury to most foes and up to half again as much damage against particularly
   susceptible opponents.
   It can also slow down cold-blooded creatures.
   It affects your dexterity (+6).
   It affects your magic capacity (+9).
   It may make noises in combat.
Armour
 b - a +2 leather armour (worn)
Jewellery
 i - a ring of wizardry (left hand)
Wands
 k - a wand of iceblast (9)
Scrolls
 f - 6 scrolls of identify
 l - a scroll of immolation
Potions
 h - a potion of degeneration
Comestibles
 c - 5 rations


   Skills:
 + Level 4.4 Fighting
 * Level 4.9 Maces & Flails
 + Level 3.6 Armour
 + Level 2.5 Dodging
 + Level 2.0 Hexes


You had 2 spell levels left.
You knew the following spells:

 Your Spells              Type           Power        Failure   Level  Hunger
a - Confusing Touch       Hex            #.....       9%          1    ##.....
b - Ensorcelled Hibernat  Hex/Ice        #.....       17%         2    ###....

Your spell library contained the following spells:

 Spells                   Type           Power        Failure   Level  Hunger
 Corona                   Hex            #......      9%          1    ##.....
 Confuse                  Hex            #.......     24%         3    ####...
 Tukima's Dance           Hex            #.......     24%         3    ####...
 Dazzling Spray           Conj/Hex       #.....       32%         3    ####...


Dungeon Overview and Level Annotations

Branches:
Dungeon (4/15)             Temple (0/1) D:4

Altars:
Kikubaaqudgha
Sif Muna
Vehumet
Zin

Shops:
D:3 *

Annotations:
D:4 Pikel


Innate Abilities, Weirdness & Mutations

You cannot be hasted, slowed, berserked, paralysed or teleported.
You can dig through walls and to a lower floor.
Your four strong arms can wield two-handed weapons with a shield.
You have a pair of large antennae on your head. (SInv)


Message History

The hippogriff bites you!
* * * LOW HITPOINT WARNING * * *
The hippogriff closely misses you.
The hippogriff claws you but does no damage.
A hound comes into view.
Wield which item (- for none, * to show all)? (? for menu, Esc to quit)
The +3 hand axe "Sed Van" {freeze, *Noise MP+9 Dex+6} stops glowing.
Your +0 mace of chaos is briefly surrounded by a scintillating aura of random colours.
a - a +0 mace of chaos (weapon)
The hound barks!
The hippogriff bites you.
* * * LOW HITPOINT WARNING * * *
The hippogriff pecks you.
* * * LOW HITPOINT WARNING * * *
The hippogriff claws you but does no damage.
As you read the scroll labeled CIBURU QYMAIN, it crumbles to dust.
You feel blessed for a moment.
It was a scroll of remove curse.
The hippogriff closely misses you. The hippogriff pecks you.
You die...
Xom titters! #..
Oa.

######## #.. ... #......#
...# .... #......# #. .
#... #......# #.#. ....%##
#......# ...
.......#####......#######.#
.....#.hOH@................
#.°○####......########.
#.#.## #......# #..... #.
#. #......# #.#### { ..
#......# # #.. #.....## #
:#. #.....# # #.#. #.....#
# .#.. #.....#


You could see a hippogriff, an ogre and a hound.

Vanquished Creatures
  2 howler monkeys
  A vampire bat (D:4)
  An orc priest (D:3)
  An orc wizard (D:2)
  4 adders
  An ooze (D:3)
  3 worms
  4 dart slugs
  2 leopard geckos (D:3)
  20 orcs
  A ball python (D:2)
  13 bats
  7 giant cockroaches
  8 goblins
  9 hobgoblins
  2 quokkas
  3 frilled lizards
  7 kobolds
  9 rats
98 creatures vanquished.

Notes
Turn   | Place    | Note
-------+----------+-------------------------------------------
     0 | D:1      | Lanoc the Formicid Chaos Knight began the quest for the
                  | Orb.
     0 | D:1      | Reached XP level 1. HP: 18/18 MP: 1/1
    19 | D:1      | XOM: smoke on damage
    21 | D:1      | Reached skill level 1 in Dodging
    46 | D:1      | Reached XP level 2. HP: 21/24 MP: 2/2
   167 | D:1      | Reached XP level 3. HP: 25/29 MP: 3/3
   474 | D:2      | Reached XP level 4. HP: 12/37 MP: 4/4
   711 | D:2      | XOM: harmless Hex miscast
   815 | D:2      | Reached XP level 5. HP: 29/42 MP: 5/5
   827 | D:2      | Found an ancient bone altar of Kikubaaqudgha.
   827 | D:2      | Found a deep blue altar of Sif Muna.
   829 | D:2      | Found a radiant altar of Vehumet.
   833 | D:2      | Identified Sif Muna's Incunabulum of Fascination
   868 | D:2      | Learned a level 1 spell: Confusing Touch
   995 | D:2      | XOM: divination: detect items
  1338 | D:3      | Reached skill level 1 in Hexes
  1410 | D:3      | Reached XP level 6. HP: 23/48 MP: 6/6
  1496 | D:3      | Found Zin's Purification Station.
  1694 | D:2      | XOM: divination: detect items
  1719 | D:3      | Found a glowing silver altar of Zin.
  1830 | D:3      | XOM: mild Conj miscast
  1918 | D:3      | XOM: enchant monster (bad)
  2057 | D:3      | Learned a level 2 spell: Ensorcelled Hibernation
  2129 | D:3      | XOM: silly message
  2496 | D:4      | Noticed a slave
  2497 | D:4      | Noticed Pikel
  2497 | D:4      | Noticed a slave
  2498 | D:4      | Noticed a slave
  2498 | D:4      | Noticed a slave
  2507 | D:4      | XOM: enchant monster (good)
  2518 | D:4      | XOM: butterfly on damage
  2616 | D:4      | Got a translucent hand axe
  2617 | D:4      | Identified the +3 hand axe "Sed Van" {freeze, *Noise MP+9
                  | Dex+6} (You found it on level 4 of the Dungeon)
  2631 | D:4      | Found a staircase to the Ecumenical Temple.
  2688 | D:4      | Noticed a hippogriff
  2692 | D:4      | XOM: smoke on damage
  2693 | D:4      | Noticed an ogre
  2703 | D:4      | HP: 1/49 [hippogriff (2)]
  2704 | D:4      | Slain by a hippogriff

Levels and vault maps discovered:
D:1:      tarquinn_simple_flora_water_e, layout_loops_ring
D:2:      layout_basic, grunt_temple_overflow_magic_moments,
          chequers_serial_rivers_micro_c, chequers_serial_rivers_micro_d
D:3:      layout_basic, zin_purify
D:4:      layout_basic, temple_doors_cd, portal_sewer_entry_e, roderic_batcave,
          minmay_manual_mess, uniq_pikel

Skill      XL: |  1  2  3  4  5  6 |
---------------+-------------------+-----
Dodging        | 1 2 |  2.5
Maces & Flails | 4 |  4.9
Armour         | 3 |  3.6
Fighting       | 4 |  4.4
Hexes          | 1 2 |  2.0

Action                   |  1- 3 |  4- 6 || total
-------------------------+-------+-------++-------
Melee: Mace              |    73 |   252 ||   325
       Hand axe          |       |     6 ||     6
 Cast: Confusing Touch   |       |     3 ||     3
       Ensorcelled Hiber |       |     1 ||     1
  Use: Potion            |       |     7 ||     7
       Scroll            |       |     5 ||     5
 Stab: Confused          |       |     1 ||     1
  Eat: Chunk             |       |     6 ||     6
Armor: Leather armour    |    34 |    96 ||   130
Dodge: Dodged            |    50 |   217 ||   267

Table legend:
 A = Non-vault XP
 B = Vault XP
 C = Vault XP percentage of total XP
 D = Non-vault monster count
 E = Vault monster count
 F = Vault count percentage of total count
                 A         B        C        D         E       F
            +---------+---------+-------+---------+---------+-------
      Total |     428 |      62 |  12.7 |      91 |       7 |   7.1
            +---------+---------+-------+---------+---------+-------
        D:1 |      49 |       0 |   0.0 |      25 |       0 |   0.0
        D:2 |     169 |       0 |   0.0 |      20 |       0 |   0.0
        D:3 |     196 |       0 |   0.0 |      41 |       0 |   0.0
        D:4 |      14 |      62 |  81.6 |       5 |       7 |  58.3
            +---------+---------+-------+---------+---------+-------
